 Dungeon Crawl Stone Soup version 0.31-a0-978-g1e143483b6 (webtiles) character file.

Game seed: 12099373702137078729

81 Dirtsage the Insei (level 4, -1/29 HPs)
             Began as an Octopode Shapeshifter on Oct 30, 2023.
             Slain by a gnoll
             ... wielding a +0 halberd
              (4 damage)
             ... on level 3 of the Dungeon.
             The game lasted 00:02:15 (1346 turns).

Dirtsage the Insei (Octopode Shapeshifter)          Turns: 1346, Time: 00:02:16

Health: -1/29      AC:  1    Str: 13    XL:     4   Next: 42%
Magic:  4/4        EV: 13    Int: 12    God:
Gold:   137        SH:  0    Dex: 13    Spells: 3/3 levels left

rFire   . .          .
                       - Unarmed
rCold   . . .        (no shield)
rNeg    . . .        (helmet currently unavailable)
rPois   .            (no amulet)
rElec   .            (no ring)
rCorr   .            (no ring)
SInv    .            (no ring)
Will    .....        (no ring)
Stlth   ++           (no ring)
HPRegen 0.24/turn    (no ring)
MPRegen 0.09/turn    (no ring)
                     (no ring)

%: no passive effects
@: beast-form
A: beast (slay +2), almost no armour, amphibious, 8 rings, camouflage 1,
gelatinous body 1, (nimble swimmer 1), tentacles
a: Begin Untransformation


You were on level 3 of the Dungeon.
You were a hulking beast.
You visited 1 branch of the dungeon, and saw 3 of its levels.

You collected 137 gold pieces.

Inventory:

Jewellery
 m - a ring of ice
Talismans
 b - a beast talisman
 c - a flux talisman
Scrolls
 f - a scroll of poison {unknown}
 h - a scroll of enchant weapon {unknown}
 i - 2 scrolls of identify {unknown}
 j - a scroll of revelation {unknown}
Potions
 a - a potion of lignification
 d - a potion of enlightenment {unknown}
 e - a potion of cancellation {unknown}
 g - a potion of attraction {unknown}
 k - a potion of degeneration {unknown}
 l - a potion of magic {unknown}


   Skills:
 + Level 2.0 Fighting
 - Level 2.0 Dodging
 * Level 3.9 Unarmed Combat
 * Level 3.7 Shapeshifting


You had 3 spell levels left.
You didn't know any spells.
Your spell library was empty.

Dungeon Overview and Level Annotations

Branches:
Dungeon (3/15)

Altars:


Innate Abilities, Weirdness & Mutations

You are a hulking beast.
Your limbs bulge with bestial killing power. (Slay +2)
You cannot wear most types of armour.
You are amphibious.
You can wear up to eight rings at the same time.
Your skin changes colour to match your surroundings (Stealth+).
Your rubbery body absorbs attacks. (AC +1, EV +1)
((You are camouflaged when in or above water. (Stealth+)))
You have tentacles for arms and can constrict up to eight enemies at once.


Message History

The gnoll shouts!
You tentacle-slap the gnoll. Your grab misses the gnoll.
The gnoll is moderately wounded.
The gnoll closely misses you. The gnoll misses you.
You barely miss the gnoll. Your grab misses the gnoll. You squeeze the gnoll.
The gnoll is heavily wounded.
The gnoll closely misses you. The gnoll hits you with a +0 spear.
You take 4 damage, and have 25/29 hp.
You closely miss the gnoll. You grab the gnoll.
The gnoll is heavily wounded.
You constrict the gnoll, but do no damage.
The gnoll hits you from afar with a +0 halberd.
The gnoll struggles to escape constriction.
You take 6 damage, and have 19/29 hp.
MASSIVE DAMAGE!!
You tentacle-slap the gnoll.
The gnoll is severely wounded.
You constrict the gnoll. The gnoll closely misses you.
The gnoll hits you with a +0 spear.
You take 6 damage, and have 13/29 hp.
MASSIVE DAMAGE!!
You tentacle-slap the gnoll. You squeeze the gnoll.
You kill the gnoll!
The gnoll hits you from afar with a +0 halberd.
You take 4 damage, and have 9/29 hp.
The gnoll attacks as it pursues you! The gnoll closely misses you.
You tentacle-slap the gnoll. Your grab misses the gnoll.
The gnoll is moderately wounded.
You tentacle-slap the gnoll. You grab the gnoll.
The gnoll is severely wounded.
You constrict the gnoll. The gnoll closely misses you.
The gnoll completely misses you.
You tentacle-slap the gnoll but do no damage.
The gnoll is almost dead.
You constrict the gnoll. The gnoll barely misses you.
The gnoll hits you with a +0 flail!
* * * LOW HITPOINT WARNING * * *
You take 8 damage, and have 3/29 hp.
MASSIVE DAMAGE!!
You tentacle-slap the gnoll.
You kill the gnoll!
The gnoll hits you from afar with a +0 halberd.
You die...

#########.# #.#
#.........# #.#
####........)#####.#
#..'...............#
#.##.........#######
#.......####.#
#######.# #g# #.#
#)# #.# #h#
#.####.####
#.........#
######.##.#
..##.##.# #.##.##.#
#.##.##.# #.##.##.#
####.##.##.#


You could see a gnoll.

Vanquished Creatures
  2 gnolls (D:3)
  3 adders
  4 dart slugs
  3 endoplasms
  4 giant cockroaches (D:1)
  4 goblins
  3 hobgoblins
  5 kobolds
  A quokka (D:1)
  4 ball pythons
  2 bats (D:2)
  2 rats
37 creatures vanquished.

Notes
Turn   | Place    | Note
-------+----------+-------------------------------------------
     0 | D:1      | Dirtsage the Octopode Shapeshifter began the quest for the
                  | Orb.
     0 | D:1      | Reached XP level 1. HP: 13/13 MP: 1/1
   113 | D:1      | Reached XP level 2. HP: 13/18 MP: 2/2
   468 | D:2      | Reached XP level 3. HP: 17/23 MP: 3/3
   718 | D:2      | Found a faded altar of an unknown god.
  1241 | D:3      | Reached XP level 4. HP: 29/29 MP: 4/4
  1346 | D:3      | Slain by a gnoll

Illustrated notes

Levels and vault maps discovered:
D:1:      mainiacjoe_arrival_reflecting_pool, layout_rooms,
          minmay_misc_feat_five
D:2:      layout_basic, shapermc_ecumenical_altar_petra
D:3:      layout_basic, serial_shops, shop, nicolae_book_shop_shelving,
          nicolae_grassy_gnolls

Skill      XL: |  1  2  3  4 |
---------------+-------------+-----
Fighting       | 2 |  2.0
Dodging        | |  2.0
Unarmed Combat | |  3.9
Shapeshifting  | |  3.7

Action                     |  1- 3 |  4- 6 || total
---------------------------+-------+-------++-------
  Melee: Unarmed           |    52 |    15 ||    67
         Constrict         |    15 |     4 ||    19
         Tentacles         |     9 |     4 ||    13
         Punch             |     1 |       ||     1
   Stab: Sleeping          |     6 |     1 ||     7
 Armour: Skin              |    19 |     8 ||    27
  Dodge: Dodged            |    25 |    10 ||    35

Table legend: (Time is in decaauts)
 A = Elapsed time spent in this place.
 B = Non-inter-level travel time spent in this place.
 C = Inter-level travel time spent in this place.
 D = Time resting spent in this place.
 E = Time spent auto-exploring this place.
 F = Levels seen in this place.
 G = Mean time per level.
                   A        B        C        D        E       F      G
               +--------+--------+--------+--------+--------+-----+--------+
         Total |   1341 |   1307 |     34 |     31 |   1015 |   3 |  447.0 |
       Dungeon |   1341 |   1307 |     34 |     31 |   1015 |   3 |  447.0 |
               +--------+--------+--------+--------+--------+-----+--------+

Top non-repeatable levels by time:
     D:2: 665 daAuts
     D:1: 511 daAuts
     D:3: 163 daAuts
